 Dungeon Crawl Stone Soup version 0.27-a0-1184-ge86db4a01e (webtiles) character file.

Game seed: 10124271647125917358

1272 Zonian the Stinger (level 8, -1/60 HPs)
             Began as a Gnoll Wanderer on May 18, 2021.
             Was a Follower of Dithmenos.
             Slain by a two-headed ogre
             ... wielding a +0 giant club
              (18 damage)
             ... on level 5 of the Dungeon.
             The game lasted 00:11:07 (8451 turns).

Zonian the Stinger (Gnoll Wanderer)                 Turns: 8451, Time: 00:11:10

Health: -1/60      AC: 14    Str: 21    XL:     8   Next: 53%
Magic:  13/13      EV: 11    Int: 10    God:    Dithmenos [*.....]
Gold:   154        SH:  6    Dex: 12    Spells: 13/13 levels left

rFire    . . .     SeeInvis .   b - +2 dagger (venom)
rCold    . . .     Faith    .   t - +2 buckler
rNeg     . . .     Spirit   .   p - +0 ring mail
rPois    .         Reflect  .   g - +1 hat
rElec    .         Harm     .   n - +0 cloak
rCorr    .         Rampage  .   o - +2 pair of gloves
Will     .....                  B - +2 pair of boots
Stlth    ++........             (no amulet)
HPRegen  0.20/turn              q - +6 ring of strength
MPRegen  0.13/turn              (no ring)

@: wreathed by umbra
A: fangs 1, strong nose, distributed training
a: Renounce Religion


You were on level 5 of the Dungeon.
You worshipped Dithmenos.
Dithmenos was aware of your devotion.
You visited 1 branch of the dungeon, and saw 7 of its levels.

You collected 368 gold pieces.
You spent 214 gold pieces at shops.

Inventory:

Hand Weapons
 a - a +3 dagger
 b - a +2 dagger of venom (weapon)
 c - a +0 shortbow
 w - a +3 falchion
Missiles
 d - 102 arrows
Armour
 f - a +0 robe
 g - a +1 hat (worn)
 l - a +0 leather armour
 n - a +0 cloak (worn)
 o - a +2 pair of gloves (worn)
 p - a +0 ring mail (worn)
 t - a +2 buckler (worn)
 B - a +2 pair of boots (worn)
Jewellery
 k - a ring of ice
 q - a +6 ring of strength (left hand)
Scrolls
 h - 2 scrolls of vulnerability
 i - 5 scrolls of teleportation
 v - a scroll of fear
 x - a scroll of acquirement {unknown}
 y - a scroll of amnesia
 A - a scroll of enchant weapon
 C - a scroll of identify
Potions
 e - a potion of resistance {unknown}
 j - 2 potions of flight {unknown}
 m - a potion of degeneration {unknown}
 r - a potion of heal wounds {unknown}
 s - 2 potions of cancellation
 u - a potion of might {unknown}
 z - a potion of curing


   Skills:
 + Level 4.3 Fighting
 + Level 3.3 Short Blades
 + Level 3.3 Long Blades
 + Level 3.3 Axes
 + Level 3.3 Maces & Flails
 + Level 3.3 Polearms
 + Level 3.3 Staves
 + Level 3.3 Slings
 + Level 5.7 Bows
 + Level 3.3 Crossbows
 + Level 3.3 Throwing
 + Level 3.3 Armour
 + Level 3.3 Dodging
 + Level 4.1 Stealth
 + Level 3.3 Shields
 + Level 3.3 Unarmed Combat
 + Level 3.3 Spellcasting
 + Level 2.7 Conjurations
 + Level 2.7 Hexes
 + Level 2.7 Summonings
 + Level 2.7 Necromancy
 + Level 2.7 Translocations
 + Level 2.7 Transmutations
 + Level 2.7 Fire Magic
 + Level 2.7 Ice Magic
 + Level 4.7 Air Magic
 + Level 2.7 Earth Magic
 + Level 6.1 Poison Magic
 + Level 3.7 Invocations
 + Level 4.3 Evocations


You had 13 spell levels left.
You didn't know any spells.
Your spell library was empty.

Dungeon Overview and Level Annotations

Branches:
Dungeon (7/15)             Temple (0/1) D:7

Altars:
Dithmenos
Nemelex Xobeh
Qazlal
Uskayaw
Xom

Shops:
D:7 [


Innate Abilities, Weirdness & Mutations

You have very sharp teeth.
Your uncanny sense of smell can sniff out nearby items.
Your experience applies equally to all skills.


Message History

Found 17 stones.
Unknown command.
You now have 154 gold pieces (gained 10).
Unknown command.
A two-headed ogre comes into view.
It is wielding a +0 giant club and a +0 giant spiked club.
A two-headed ogre is nearby!
Unknown command.
Found 15 gold pieces.
The two-headed ogre shouts in stereo!
Found a short sword.
The two-headed ogre hits you but does no damage. x2
You hit the two-headed ogre.
The two-headed ogre is lightly wounded.
The two-headed ogre hits you with a +0 giant club!
The two-headed ogre barely misses you.
You hit the two-headed ogre.
The two-headed ogre is poisoned.
Your bite misses the two-headed ogre.
The two-headed ogre is lightly wounded.
Unknown command.
You hit the two-headed ogre.
The two-headed ogre looks as sick as possible!
The two-headed ogre is moderately wounded.
The two-headed ogre barely misses you.
The two-headed ogre hits you but does no damage.
You hit the two-headed ogre.
The two-headed ogre looks as sick as possible!
The two-headed ogre is moderately wounded.
The two-headed ogre hits you with a +0 giant club!
The two-headed ogre hits you but does no damage.
Unknown command.
You hit the two-headed ogre.
The two-headed ogre looks as sick as possible!
The two-headed ogre is heavily wounded.
You hit the two-headed ogre.
The two-headed ogre looks as sick as possible!
The two-headed ogre is heavily wounded.
The two-headed ogre hits you with a +0 giant club!
* * * LOW HITPOINT WARNING * * *
The two-headed ogre hits you with a +0 giant spiked club!!
You die...

#### #.. #O# ####@#
###### #....##.#
#....########.#.....#
#.##.............#..#
#..........#.....#).#
..#######......<....#
#.# #..##....#....
#.# #.....(..#..##
..# ...######.# $#


You could see a two-headed ogre (extremely poisoned).

Vanquished Creatures
  Prince Ribbit (D:5)
  Eustachio (D:4)
  Duvessa (D:4)
  An ice beast (D:7)
  A bullfrog (D:7)
  A scorpion (D:4)
  Dowan (D:4)
  A wyvern zombie (D:5)
  A water moccasin skeleton (D:5)
  A howler monkey (D:4)
  2 centaur zombies
  A jelly (D:3)
  2 hounds
  A bullfrog skeleton (D:4)
  A hound zombie (D:5)
  4 gnolls
  5 adders
  A shadow imp (D:7)
  A worm (D:2)
  9 orcs
  9 ball pythons
  6 endoplasms
  4 giant cockroaches (D:1)
  2 goblins (D:2)
  5 hobgoblins
  2 iguanas (D:3)
  7 jackals (D:3)
  9 kobolds
  3 quokkas
  7 bats
  3 frilled lizards
  5 rats
99 creatures vanquished.

Notes
Turn   | Place    | Note
-------+----------+-------------------------------------------
     0 | D:1      | Zonian the Gnoll Wanderer began the quest for the Orb.
     0 | D:1      | Zonian set off with the following items: a +2 dagger, a
                  | potion of berserk rage, a +0 shortbow, 24 arrows, a potion
                  | of curing, a +0 robe
     0 | D:1      | Reached XP level 1. HP: 17/17 MP: 1/1
   357 | D:1      | Reached XP level 2. HP: 23/23 MP: 2/2
  1674 | D:2      | Found a shadowy altar of Dithmenos.
  1688 | D:2      | Became a worshipper of Dithmenos the Shadowed
  1752 | D:2      | Reached XP level 3. HP: 28/28 MP: 3/3
  2215 | D:2      | Found a faded altar of an unknown god.
  2290 | D:2      | Reached skill level 1 in Invocations
  2296 | D:2      | Reached skill level 1 in Short Blades
  2296 | D:2      | Reached skill level 1 in Long Blades
  2296 | D:2      | Reached skill level 1 in Axes
  2296 | D:2      | Reached skill level 1 in Maces & Flails
  2296 | D:2      | Reached skill level 1 in Polearms
  2296 | D:2      | Reached skill level 1 in Staves
  2296 | D:2      | Reached skill level 1 in Slings
  2296 | D:2      | Reached skill level 1 in Crossbows
  2296 | D:2      | Reached skill level 1 in Throwing
  2296 | D:2      | Reached skill level 1 in Armour
  2296 | D:2      | Reached skill level 1 in Dodging
  2296 | D:2      | Reached skill level 1 in Shields
  2296 | D:2      | Reached skill level 1 in Unarmed Combat
  2296 | D:2      | Reached skill level 1 in Spellcasting
  2810 | D:2      | Reached XP level 4. HP: 34/34 MP: 5/5
  3918 | D:3      | Reached skill level 1 in Conjurations
  3918 | D:3      | Reached skill level 1 in Hexes
  3918 | D:3      | Reached skill level 1 in Summonings
  3918 | D:3      | Reached skill level 1 in Necromancy
  3918 | D:3      | Reached skill level 1 in Translocations
  3918 | D:3      | Reached skill level 1 in Transmutations
  3918 | D:3      | Reached skill level 1 in Fire Magic
  3918 | D:3      | Reached skill level 1 in Ice Magic
  3918 | D:3      | Reached skill level 1 in Earth Magic
  4597 | D:3      | Reached * piety under Dithmenos
  4625 | D:3      | Found a shimmering altar of Xom.
  4725 | D:3      | Reached XP level 5. HP: 19/40 MP: 5/7
  6383 | D:4      | Noticed Duvessa
  6384 | D:4      | Noticed Dowan
  6390 | D:4      | Killed Duvessa
  6391 | D:4      | Reached skill level 5 in Bows
  6391 | D:4      | Reached XP level 6. HP: 47/47 MP: 8/8
  6392 | D:4      | Killed Dowan
  6434 | D:4      | Noticed Eustachio
  6444 | D:4      | Killed Eustachio
  6445 | D:4      | Reached XP level 7. HP: 47/52 MP: 10/10
  7258 | D:5      | Entered Level 5 of the Dungeon
  7261 | D:5      | Found a hide-covered altar of Uskayaw.
  7282 | D:5      | Found a sparkling altar of Nemelex Xobeh.
  7400 | D:5      | Noticed Prince Ribbit
  7419 | D:5      | Killed Prince Ribbit
  7420 | D:5      | Reached skill level 6 in Poison Magic
  7420 | D:5      | Reached XP level 8. HP: 43/60 MP: 12/12
  8009 | D:5      | You fall into a shaft and drop 2 floors!
  8041 | D:7      | Found a staircase to the Ecumenical Temple.
  8251 | D:7      | Found a stormy altar of Qazlal.
  8256 | D:7      | Noticed a water elemental
  8256 | D:7      | Noticed an air elemental
  8263 | D:7      | Found Nuomuatt's Armour Emporium.
  8272 | D:7      | Bought a +2 pair of boots for 214 gold pieces
  8442 | D:5      | Noticed a two-headed ogre
  8451 | D:5      | Slain by a two-headed ogre

Illustrated notes

Levels and vault maps discovered:
D:1:      psy_arrival_conway, layout_basic
D:2:      layout_basic, basic_altar, ebering_ecumenical_altar_abandoned,
          minmay_pentomino_pile
D:3:      cheibrodos_helix_gallery, layout_basic, dk_xom_monty_hall
D:4:      layout_cave_pools, grunt_decor_arrowhead, grunt_ministairs_15,
          uniq_duvessa, uniq_eustachio
D:5:      lemuel_insect_pit, layout_basic, marbit_many_paths,
          jmf_multi_god_temple, uniq_prince_ribbit1
D:6:      layout_basic
D:7:      layout_basic, nicolae_qazlal_style_of_elements,
          minmay_temple_entry_slanted, serial_shops, nicolae_shop_waterfront,
          dk_noncrumbling_3, water_maze_lemuel

Skill      XL: |  1  2  3  4  5  6  7  8 |
---------------+-------------------------+-----
Invocations    | 1 2 3 |  3.7
Short Blades   | 1 2 3 |  3.3
Long Blades    | 1 2 3 |  3.3
Axes           | 1 2 3 |  3.3
Maces & Flails | 1 2 3 |  3.3
Polearms       | 1 2 3 |  3.3
Staves         | 1 2 3 |  3.3
Slings         | 1 2 3 |  3.3
Crossbows      | 1 2 3 |  3.3
Throwing       | 1 2 3 |  3.3
Armour         | 1 2 3 |  3.3
Dodging        | 1 2 3 |  3.3
Shields        | 1 2 3 |  3.3
Unarmed Combat | 1 2 3 |  3.3
Spellcasting   | 1 2 3 |  3.3
Conjurations   | 1 2 |  2.7
Hexes          | 1 2 |  2.7
Summonings     | 1 2 |  2.7
Necromancy     | 1 2 |  2.7
Translocations | 1 2 |  2.7
Transmutations | 1 2 |  2.7
Fire Magic     | 1 2 |  2.7
Ice Magic      | 1 2 |  2.7
Earth Magic    | 1 2 |  2.7
Fighting       | 3 4 |  4.3
Evocations     | 3 4 |  4.3
Air Magic      | 4 |  4.7
Bows           | 5 |  5.7
Stealth        | 3 4 |  4.1
Poison Magic   | 6 |  6.1

Action                   |  1- 3 |  4- 6 |  7- 9 || total
-------------------------+-------+-------+-------++-------
Melee: Dagger            |   130 |   133 |   176 ||   439
       Bite              |    11 |    16 |    17 ||    44
  Use: Potion            |     1 |     2 |     1 ||     4
       Scroll            |       |    10 |       ||    10
 Stab: Sleeping          |    10 |     4 |       ||    14
       Distracted        |       |     1 |       ||     1
Armor: Robe              |     6 |       |       ||     6
       Leather armour    |    10 |    51 |     2 ||    63
       Ring mail         |       |       |    60 ||    60
       Skin              |       |       |     5 ||     5
Dodge: Dodged            |    72 |    75 |   105 ||   252
Block: Buckler           |     5 |    22 |    44 ||    71

Table legend: (Time is in decaauts)
 A = Elapsed time spent in this place.
 B = Non-inter-level travel time spent in this place.
 C = Inter-level travel time spent in this place.
 D = Time resting spent in this place.
 E = Time spent auto-exploring this place.
 F = Levels seen in this place.
 G = Mean time per level.
                   A        B        C        D        E       F      G
               +--------+--------+--------+--------+--------+-----+--------+
         Total |   8455 |   8375 |     80 |   3793 |   3406 |   7 | 1207.9 |
       Dungeon |   8455 |   8375 |     80 |   3793 |   3406 |   7 | 1207.9 |
               +--------+--------+--------+--------+--------+-----+--------+

Top non-repeatable levels by time:
     D:3: 3568 daAuts
     D:2: 1614 daAuts
     D:1: 1446 daAuts
     D:5: 768 daAuts
     D:4: 664 daAuts
     D:7: 307 daAuts
     D:6: 86 daAuts
